 Dungeon Crawl Stone Soup version 0.30-a0-782-ge64f9170bb (webtiles) character file.

Game seed: 11070186615787363559

7 M4edhros the Insei (level 2, 0/16 HPs)
             Began as a Vine Stalker Monk on Feb 24, 2023.
             Succumbed to a goblin's poison
             ... on level 2 of the Dungeon.
             The game lasted 00:01:12 (234 turns).

M4edhros the Insei (Vine Stalker Monk)               Turns: 234, Time: 00:01:13

Health: 0/16       AC:  2    Str: 13    XL:     2   Next: 0%
Magic:  0/3        EV: 12    Int: 10    God:
Gold:   42         SH:  0    Dex: 16    Spells: 1/1 levels left

rFire   . . .      SeeInvis .      - Unarmed
rCold   . . .      Faith    .    (no shield)
rNeg    . . .      Spirit   +    a - +0 robe
rPois   .          Reflect  .    (no helmet)
rElec   .          Harm     .    (no cloak)
rCorr   .          Rampage  .    (no gloves)
Will    .....                    (no boots)
Stlth   ++                       (no amulet)
HPRegen 0.22/turn                (no ring)
MPRegen 0.08/turn                (no ring)

@: lethally poisoned (0 -> -6)
A: fangs 2, magic shield, antimagic bite, no potion heal 2
a: no special abilities


You were on level 2 of the Dungeon.
You visited 1 branch of the dungeon, and saw 2 of its levels.

You collected 42 gold pieces.

Inventory:

Missiles
 c - 6 poisoned darts (quivered)
Armour
 a - a +0 robe (worn)
Potions
 b - a potion of ambrosia


   Skills:
 - Level 2.6 Fighting
 - Level 2.4 Dodging
 - Level 2.4 Stealth
 + Level 3.5 Unarmed Combat


You had one spell level left.
You didn't know any spells.
Your spell library contained the following spells:

 Spells                   Type           Power      Damage    Failure   Level
 Frozen Ramparts          Ice            0%         1d1       75%         3
 Ice Form                 Ice/Tmut       0%         N/A       98%         4
 Summon Ice Beast         Ice/Summ       0%         N/A       98%         4


Dungeon Overview and Level Annotations

Branches:
Dungeon (2/15)

Altars:

Shops:
D:1 ?

Annotations:
D:2 Robin


Innate Abilities, Weirdness & Mutations

You have extremely sharp teeth.
When hurt, damage is shared between your health and your magic reserves.
Your bite disrupts and absorbs the magic of your enemies.
Potions cannot restore your health.


Message History

Okay, then.
The helpless frilled lizard fails to defend itself.
You hit the frilled lizard.
The frilled lizard is heavily wounded.
The frilled lizard barely misses you.
You hit the frilled lizard.
You kill the frilled lizard!
You have reached level 2!
There is an escape hatch in the floor here.
You slide downwards.
The hatch slams shut behind you.
Level annotation: Robin
Okay, then.
Okay, then.
As you read the scroll labelled HICWET OHEIW, it crumbles to dust.
It is a scroll of enchant weapon.
You aren't carrying any weapons that can be enchanted.
The endoplasm quivers.
As you read the scroll labelled DIEGARA LU XIM, it crumbles to dust.
You feel strangely unstable.
It was a scroll of teleportation.
Robin roars a battlecry!
The goblins go into a battle-frenzy!
The endoplasm quivers.
The goblin attacks as you move away! The goblin closely misses you.
The goblin attacks as you move away! The goblin hits you with a +0 club.
The goblin unwields a +0 dagger.
The goblin wields a +0 sling.
The goblin shoots a sling bullet.
The sling bullet barely misses you. The endoplasm freezes you.
You are frozen.
Robin throws the goblin at you! The endoplasm misses you.
The goblin hits you with a +1 dagger of venom.
You are lethally poisoned!
The goblin unwields a +0 sling.
The goblin wields a +0 dagger.
The goblin completely misses you.
Your surroundings seem slightly different.
You feel very sick. Robin throws the goblin at you!
* * * LOW HITPOINT WARNING * * *
The goblin attacks as you move away! The goblin hits you with a +0 dagger.
* * * LOW HITPOINT WARNING * * *
You die...

#.....#####
#..........
#........#
#........#
#..g.....#
#.g......# .
#g.ggg...# ..
##.gg....#PP♣♣♣
#..g..@...P...
#..JJ....#...♣
#..g..g....P.P
##########..P.
##.


You could see Robin, 2 endoplasms, 3 hobgoblins and 7 goblins.

Vanquished Creatures
  An endoplasm (D:1)
  3 kobolds (D:1)
  A quokka (D:1)
  A frilled lizard (D:1)
  A goblin (D:1)
7 creatures vanquished.

Notes
Turn   | Place    | Note
-------+----------+-------------------------------------------
     0 | D:1      | M4edhros the Vine Stalker Monk began the quest for the Orb.
     0 | D:1      | Reached XP level 1. HP: 11/11 MP: 2/2
    11 | D:2      | Noticed Robin
   177 | D:1      | Found Disoily's Magic Scroll Shop.
   209 | D:1      | Reached XP level 2. HP: 16/16 MP: 3/3
   234 | D:2      | Succumbed to a goblin's poison

Illustrated notes

Levels and vault maps discovered:
D:1:      amcnicky_arrival_choice, layout_basic, serial_shops,
          nicolae_shop_statue_plus
D:2:      layout_basic, basic_altar, serial_forest, infiniplex_forest_lined_3,
          infiniplex_forest_clump_small, infiniplex_forest_lined_3,
          infiniplex_forest_lined_corner, infiniplex_forest_clump_double,
          infiniplex_forest_clump_small, infiniplex_forest_clump_cross,
          uniq_robin, uniq_sigmund, uniq_terence

Action                     || total
---------------------------++-------
  Melee: Unarmed           ||    17
         Bite              ||     3
    Use: Scroll            ||     2
   Stab: Sleeping          ||     1
 Armour: Robe              ||     1
  Dodge: Dodged            ||    10

Table legend: (Time is in decaauts)
 A = Elapsed time spent in this place.
 B = Non-inter-level travel time spent in this place.
 C = Inter-level travel time spent in this place.
 D = Time resting spent in this place.
 E = Time spent auto-exploring this place.
 F = Levels seen in this place.
 G = Mean time per level.
                   A        B        C        D        E       F      G
               +--------+--------+--------+--------+--------+-----+--------+
         Total |    232 |    222 |     10 |      0 |      5 |   2 |  116.0 |
       Dungeon |    232 |    222 |     10 |      0 |      5 |   2 |  116.0 |
               +--------+--------+--------+--------+--------+-----+--------+

Top non-repeatable levels by time:
     D:1: 214 daAuts
     D:2: 18 daAuts
